 Dungeon Crawl Stone Soup version 0.23.2-33-g5129a83184 (webtiles) character file.

Game seed: 5991321766051208852

492 kae the Carver (level 6, -3/51 HPs)
             Began as a Minotaur Fighter on July 24, 2019.
             Killed by divine providence
             ... invoked by an orc priest
              (11 damage)
             ... on level 4 of the Dungeon.
             The game lasted 00:01:29 (2235 turns).

kae the Carver (Minotaur Fighter)                   Turns: 2235, Time: 00:01:30

Health: -3/51      AC:  8    Str: 22    XL:     6   Next: 91%
Magic:  5/5        EV:  7    Int:  5    God:
Gold:   126        SH:  9    Dex: 10    Spells: 5/5 levels left

rFire    . . .     SeeInvis .   a - +0 long sword
rCold    . . .     Gourm    .   c - +0 shield
rNeg     . . .     Faith    .   b - +0 scale mail
rPois    .         Spirit   .   (helmet restricted)
rElec    .         Reflect  .   (no cloak)
rCorr    .         Harm     .   w - +0 pair of gloves
MR       .....                  (no boots)
Stlth    ..........             (no amulet)
HPRegen  0.17/turn              (no ring)
MPRegen  0.09/turn              (no ring)

@: hasted, very quick
A: retaliatory headbutt, horns 2
a: no special abilities


You were on level 4 of the Dungeon.
You were hungry.

You visited 1 branch of the dungeon, and saw 4 of its levels.

You collected 126 gold pieces.

Inventory:

Hand Weapons
 a - a +0 long sword (weapon)
Armour
 b - a +0 scale mail (worn)
 c - a +0 shield (worn)
 w - a +0 pair of gloves (worn)
Jewellery
 i - an uncursed amulet of the acrobat {unknown}
 q - an uncursed ring of protection from fire {unknown}
 r - an uncursed ring of positive energy {unknown}
Scrolls
 e - a scroll of immolation {unknown}
 g - 2 scrolls of magic mapping {unknown}
 j - 3 scrolls of remove curse {unknown}
 k - 7 scrolls of identify {unknown}
 l - 3 scrolls of amnesia {unknown}
 n - 2 scrolls of teleportation {unknown}
 u - a scroll of enchant armour {unknown}
Potions
 d - a potion of might
 h - a potion of haste
 m - a potion of mutation {unknown}
 o - a potion of curing {unknown}
 p - a potion of resistance {unknown}
 s - a potion of heal wounds {unknown}
 t - a potion of brilliance {unknown}
 v - a potion of ambrosia {unknown}
Comestibles
 f - 9 rations


   Skills:
 - Level 3.6 Fighting
 + Level 9.1 Long Blades
 - Level 3.6 Armour
 - Level 3.6 Shields


You had 5 spell levels left.
You didn't know any spells.
Your spell library was empty.

Dungeon Overview and Level Annotations

Branches:
Dungeon (4/15)
 Temple: D:4-7

Altars:
Gozag
Trog

Shops:
D:2 *


Innate Abilities, Weirdness & Mutations

You reflexively headbutt those who attack you in melee.
You have a pair of horns on your head.


Message History

The orc priest mumbles some strange prayers to Beogh against you.
Beogh smites you! You block the orc's attack.
The orc hits you with a +0 hand axe.
* * * LOW HITPOINT WARNING * * *
Something hits you but does no damage. You block the orc's attack.
Things that are here:
a +0 dagger; a +0 robe; an orc corpse It was a potion of haste.
You feel yourself speed up. You block the orc's attack. Something hits you.
* * * LOW HITPOINT WARNING * * *
The orc barely misses you. You furiously retaliate!
You headbutt the orc. The orc hits you but does no damage.
Okay, then.
Unknown command.
Something hits you.
* * * LOW HITPOINT WARNING * * *
You block the orc's attack.
The orc priest calls down the wrath of Beogh upon you.
Beogh smites you!
You die...

...... ......
...o.###
.....####+###.#
#..Z#........#
#..#))..######
#.o†)o........
#.)#oo..#####
##.#...@#
#......#
##.....#
#######
#.....#####
#<....#
##.........
#.###.).#
#.........
#........
#.........
######.##
######.........
#.....#
#......##+#####
#.#####


You could see an orc priest and 3 orcs.

Vanquished Creatures
  An ogre (D:4)
  2 howler monkeys (D:4)
  A centaur skeleton (D:4)
  An orc priest (D:3)
  3 orc wizards
  A worker ant (D:4)
  3 gnolls (D:4)
  5 adders
  An ooze (D:2)
  3 worms
  2 dart slugs
  13 orcs
  3 giant cockroaches
  12 goblins
  A hobgoblin (D:1)
  4 quokkas
  3 ball pythons
  6 bats
  4 frilled lizards
  3 kobolds
  A leopard gecko skeleton (D:4)
  5 rats
78 creatures vanquished.

Notes
Turn   | Place    | Note
-------+----------+-------------------------------------------
     0 | D:1      | kae the Minotaur Fighter began the quest for the Orb.
     0 | D:1      | Reached XP level 1. HP: 19/19 MP: 0/0
   114 | D:1      | Reached skill level 3 in Long Blades
   142 | D:1      | Reached XP level 2. HP: 24/26 MP: 1/1
   819 | D:2      | Reached skill level 4 in Long Blades
   819 | D:2      | Reached XP level 3. HP: 27/31 MP: 2/2
   841 | D:2      | Found a bloodstained altar of Trog.
   954 | D:2      | Found Gozag's Platinum Reserve.
   976 | D:2      | Found a faded altar of an unknown god.
  1013 | D:2      | Reached skill level 5 in Long Blades
  1125 | D:2      | Found an opulent altar of Gozag.
  1228 | D:3      | Reached XP level 4. HP: 38/39 MP: 3/3
  1520 | D:3      | Reached skill level 6 in Long Blades
  1725 | D:3      | Reached XP level 5. HP: 40/45 MP: 4/4
  1845 | D:3      | Reached skill level 7 in Long Blades
  2081 | D:4      | Noticed an ogre
  2086 | D:4      | Killed an ogre
  2086 | D:4      | Reached XP level 6. HP: 48/51 MP: 5/5
  2149 | D:4      | Reached skill level 8 in Long Blades
  2222 | D:4      | Reached skill level 9 in Long Blades
  2235 | D:4      | Killed from afar by an orc priest

Skill      XL: |  1  2  3  4  5  6 |
---------------+-------------------+-----
Long Blades    | 3 4 5 6 7 9 |  9.1
Fighting       | |  3.6
Armour         | |  3.6
Shields        | |  3.6

Action                   |  1- 3 |  4- 6 || total
-------------------------+-------+-------++-------
Melee: Long sword        |    74 |   124 ||   198
       Headbutt          |     9 |    22 ||    31
  Use: Potion            |       |     1 ||     1
  Eat: Chunk             |       |     4 ||     4
Armor: Scale mail        |    33 |    39 ||    72
Dodge: Dodged            |    25 |    26 ||    51
Block: Shield            |    34 |    69 ||   103
       Rpst.: Long sword |    11 |     8 ||    19
